 Dungeon Crawl Stone Soup version 0.20.1-1-g8b1a95d (webtiles) character file.

953 Irenicus the Cleaver (level 7, -1/61 HPs)
             Began as a Deep Dwarf Monk on Oct 21, 2017.
             Slain by a quokka (4 damage)
             ... on level 6 of the Dungeon.
             The game lasted 00:12:59 (5095 turns).

Irenicus the Cleaver (Deep Dwarf Monk)              Turns: 5095, Time: 00:13:00

Health: -1/61      AC:  8    Str: 15    XL:     7   Next: 90%
Magic:  6/6        EV: 13    Int: 10    God:
Gold:   366        SH:  0    Dex: 17    Spells: 6/6 levels left

rFire    . . .     SeeInvis .   a - +0 hand axe
rCold    . . .     Gourm    .   (no shield)
rNeg     . . .     Faith    .   h - +2 leather armour {MR+}
rPois    .         Spirit   .   (no helmet)
rElec    .         Reflect  .   k - +0 cloak
rCorr    .         Harm     .   (no gloves)
MR       ++...                  n - +1 pair of boots
Stlth    ++........             (no amulet)
Regen    0.0/turn               e - ring of flight
MPRegen  0.1/turn               i - +4 ring of slaying

@: non-regenerating
A: damage resistance, heal wounds, sense surroundings 1, no regeneration
a: Heal Wounds, Evoke Flight


You were on level 6 of the Dungeon.
You were not hungry.

You visited 1 branch of the dungeon, and saw 6 of its levels.

You collected 366 gold pieces.

Inventory:

Hand Weapons
 a - a +0 hand axe (weapon)
Armour
 g - a cursed +0 chain mail
 h - a +2 leather armour of magic resistance (worn)
 k - a +0 cloak (worn)
 n - a +1 pair of boots (worn)
Jewellery
 e - a ring of flight (left hand)
 i - a +4 ring of slaying (right hand)
Wands
 d - a wand of lightning (15/15)
Scrolls
 l - a scroll of teleportation
 m - 2 scrolls of identify
 o - a scroll of remove curse
Potions
 b - a potion of brilliance
 q - a potion of cancellation {unknown}
Books
 p - a book of Misfortune

   Spells                             Type                      Level
   a - Confusing Touch                Hexes                        1
   b - Confuse                        Hexes                        3
   c - Gell's Gravitas                Translocation                3
   d - Petrify                        Transmutation/Earth          4
   e - Metabolic Englaciation         Hexes/Ice                    5
   f - Yara's Violent Unravelling     Hexes/Transmutation          5
Comestibles
 c - 3 bread rations
 f - 4 fruits
 j - 6 meat rations
 r - a chunk of flesh


   Skills:
 - Level 2.6 Fighting
 + Level 10.4 Axes
 - Level 3.2 Dodging
 - Level 2.4 Stealth


You had 6 spell levels left.
You didn't know any spells.

Dungeon Overview and Level Annotations

Branches:
Dungeon (6/15)
 Temple: D:4-7

Altars:
Nemelex Xobeh

Shops:
D:4 *

Annotations:
D:3 exclusions: 2 gnolls and 1 more exclusion
D:6 exclusion: ogre


Innate Abilities, Weirdness & Mutations

You are resistant to damage.
You can heal yourself by infusing magical energy.
You passively map a small area around you.
You do not regenerate.


Message History

The bullfrog hits you but does no damage.
You closely miss the bullfrog.
The bullfrog is severely wounded.
The bullfrog closely misses you.
The bullfrog hits you but does no damage.
You hit the bullfrog.
The bullfrog is almost dead.
The bullfrog hits you!
* * * LOW HITPOINT WARNING * * *
You slash the bullfrog!
You kill the bullfrog!
The quokka twitches its whiskers.
You barely miss the quokka. The quokka barely misses you.
You hit the quokka.
The quokka is moderately wounded.
The quokka barely misses you.
You hit the quokka.
The quokka is heavily wounded.
The quokka bites you.
You die...

###.......#*#§§§##...##§..###....
..........# #####...########....
..........## #####'''########....
...........#####......# #.....
...............#..###.# #.....
.......#....<..#.#* #.# #.....
#+#'####.......#.## #.# ######
.......'.......#..###.# * #
#.#.####.......r@.....# , . #.#.#
#......!##..#..# , .. #(#.#
#.......###.#..# ... ....#
#.......# #....# ... ....##
#.......# ##...# ... #....#
#.......# #...#* * , , #...##
#.......# #..... , * , ....# * *
#.#.## , #...# * , .. .. , ,


You could see a quokka.

Vanquished Creatures
  A sky beast (D:1)
  2 bullfrogs (D:6)
  A crimson imp (D:4)
  2 hounds (D:6)
  A centaur zombie (D:5)
  A bullfrog skeleton (D:5)
  An orc priest (D:6)
  A centaur skeleton (D:5)
  An iguana (D:4)
  8 worker ants
  2 orc wizards (D:3)
  A hound skeleton (D:5)
  A worker ant zombie (D:5)
  A howler monkey zombie (D:5)
  9 adders
  3 gnolls (D:6)
  2 oozes (D:3)
  A worm (D:2)
  2 dart slugs
  A leopard gecko (D:2)
  11 orcs
  2 bats (D:1)
  4 giant cockroaches
  11 goblins
  8 hobgoblins
  10 jackals
  6 kobolds
  A quokka (D:6)
  8 frilled lizards
  4 rats
107 creatures vanquished.

Notes
Turn   | Place    | Note
-------+----------+-------------------------------------------
     0 | D:1      | Irenicus the Deep Dwarf Monk began the quest for the Orb.
     0 | D:1      | Reached XP level 1. HP: 20/20 MP: 1/1
   130 | D:1      | Reached skill level 4 in Axes
   130 | D:1      | Reached XP level 2. HP: 25/27 MP: 2/2
   999 | D:2      | Reached XP level 3. HP: 24/33 MP: 3/3
  1486 | D:2      | Reached skill level 5 in Axes
  1908 | D:3      | Reached XP level 4. HP: 13/40 MP: 4/4
  2194 | D:3      | Reached skill level 6 in Axes
  2205 | D:3      | Reached XP level 5. HP: 13/46 MP: 5/5
  2435 | D:3      | Noticed a sky beast
  2479 | D:1      | Killed a sky beast
  2479 | D:1      | Reached skill level 7 in Axes
  2601 | D:4      | Noticed Edmund
  2617 | D:4      | Reached XP level 6. HP: 22/55 MP: 6/6
  2780 | D:4      | Found Vedyuroxt's General Store.
  2912 | D:4      | HP: 2/82 [iguana (10)]
  3119 | D:4      | Reached skill level 8 in Axes
  3863 | D:5      | Entered Level 5 of the Dungeon
  4054 | D:5      | Reached XP level 7. HP: 9/61 MP: 6/6
  4105 | D:5      | Reached skill level 9 in Axes
  4938 | D:6      | Reached skill level 10 in Axes
  5049 | D:6      | Found a sparkling altar of Nemelex Xobeh.
  5091 | D:6      | HP: 3/61 [bullfrog (4)]
  5095 | D:6      | Slain by a quokka

Skill      XL: |  1  2  3  4  5  6  7 |
---------------+----------------------+-----
Axes           | 4 5 6 7 8 10 | 10.4
Fighting       | |  2.6
Dodging        | |  3.2
Stealth        | |  2.4

Action                   |  1- 3 |  4- 6 |  7- 9 || total
-------------------------+-------+-------+-------++-------
Melee: Hand axe          |   146 |   230 |   110 ||   486
 Abil: Heal Wounds       |     1 |     2 |     2 ||     5
  Use: Scroll            |     3 |     3 |       ||     6
       Potion            |       |     4 |     1 ||     5
 Stab: Sleeping          |     5 |     4 |     5 ||    14
  Eat: Chunk             |     2 |     7 |     4 ||    13
       Fruit             |     1 |       |       ||     1
Armor: Robe              |     3 |       |       ||     3
       Leather armour    |     7 |    65 |    19 ||    91
       Skin              |       |    20 |       ||    20
Dodge: Dodged            |    85 |   105 |    55 ||   245
